 Dungeon Crawl Stone Soup version 0.29.1-1-gd02db6906a (webtiles) character file.

Game seed: 10757433677252387872

333 swilekon the Cutter (level 6, -10/44 HPs)
             Began as an Octopode Monk on Sept 16, 2022.
             Mangled by an ogre
             ... wielding a +0 giant club
              (21 damage)
             ... on level 5 of the Dungeon.
             The game lasted 00:05:42 (4868 turns).

swilekon the Cutter (Octopode Monk)                 Turns: 4868, Time: 00:05:42

Health: -10/44     AC:  3    Str: 10    XL:     6   Next: 52%
Magic:  6/6        EV: 15    Int: 12    God:
Gold:   210        SH:  0    Dex: 17    Spells: 5/5 levels left

rFire   . . .      SeeInvis .   q - +2 dagger (flame)
rCold   + . .      Faith    .   (no shield)
rNeg    . . .      Spirit   .   w - +2 hat
rPois   .          Reflect  .   (no amulet)
rElec   .          Harm     .   p - ring of Vinoluux {rC+ Will+}
rCorr   .          Rampage  .   (no ring)
Will    +....                   (no ring)
Stlth   +++.......              (no ring)
HPRegen 0.14/turn               (no ring)
MPRegen 0.10/turn               (no ring)
                                (no ring)
                                (no ring)

@: hasted, very quick
A: almost no armour, amphibious, 8 rings, camouflage 1, gelatinous body 1,
(nimble swimmer 1), tentacles
a: no special abilities


You were on level 5 of the Dungeon.
You visited 1 branch of the dungeon, and saw 5 of its levels.

You collected 210 gold pieces.

Inventory:

Hand Weapons
 q - a +2 dagger of flaming (weapon)
Armour
 w - a +2 hat (worn)
Jewellery
 f - a ring of magical power
 p - the ring of Vinoluux (left tentacle) {rC+ Will+}
   (You found it on level 3 of the Dungeon)

   [ring of willpower]

   rC:        It protects you from cold.
   Will:      It increases your willpower.
Wands
 t - a wand of flame (23)
Scrolls
 d - a scroll of silence {unknown}
 e - 5 scrolls of identify
 h - 2 scrolls of enchant weapon {unknown}
 k - 2 scrolls of noise {unknown}
 l - 3 scrolls of teleportation {unknown}
 o - a scroll of enchant armour {unknown}
 r - a scroll of immolation {unknown}
 s - 2 scrolls of vulnerability {unknown}
 v - 4 scrolls of brand weapon {unknown}
Potions
 b - a potion of ambrosia
 c - 2 potions of might
 g - 5 potions of degeneration {unknown}
 i - 2 potions of lignification {unknown}
 j - a potion of flight {unknown}
 m - 2 potions of curing {unknown}
 n - 3 potions of heal wounds {unknown}
 u - a potion of attraction {unknown}


   Skills:
 + Level 4.3 Fighting
 * Level 5.4 Short Blades
 + Level 4.3 Dodging
 - Level 2.6 Stealth


You had 5 spell levels left.
You didn't know any spells.
Your spell library contained the following spells:

 Spells                   Type           Power      Damage    Failure   Level
 Ensorcelled Hibernation  Hex/Ice        0%         N/A       45%         2
 Spider Form              Tmut/Pois      0%         N/A       69%         3
 Anguish                  Hex/Necr       0%         N/A       97%         4


Dungeon Overview and Level Annotations

Branches:
Dungeon (5/15)
 Temple: D:4-7

Altars:
Ashenzari
Cheibriados
Qazlal
Xom
Zin

Shops:
D:1 :   D:2 =

Annotations:
D:1 1 runed translucent door


Innate Abilities, Weirdness & Mutations

You cannot wear most types of armour.
You are amphibious.
You can wear up to eight rings at the same time.
Your skin changes colour to match your surroundings (Stealth+).
Your rubbery body absorbs attacks. (AC +1, EV +1)
((You are camouflaged when in or above water. (Stealth+)))
You have tentacles for arms and can constrict up to eight enemies at once.


Message History

The ogre is heavily wounded.
You hit the ogre. You burn the ogre.
The ogre is heavily wounded.
The ogre misses you.
You hit the ogre. You burn the ogre.
The ogre is severely wounded.
You hit the ogre. You burn the ogre.
The ogre is almost dead.
The ogre misses you.
You hit the ogre. You burn the ogre.
You kill the ogre!
HP restored.
e - 6 scrolls labelled LURRYA SOXIZXE (gained 1)
g - 5 lumpy orange potions (gained 1)
Found a glowing silver altar of Zin.
A centaur comes into view.
A centaur is nearby!
An orc comes into view. It is wielding a +3 flail.
The centaur shouts!
The centaur wields a +0 shortbow.
The centaur shoots an arrow.
The arrow hits you but does no damage.
An orc priest comes into view. It is wielding a +0 trident.
The orc shouts!
The centaur shoots an arrow.
The arrow barely misses you.
The centaur shoots an arrow.
The arrow barely misses you.
The ogre shouts!
The ogre hits you with a +0 giant club. The ogre closely misses you.
The ogre attacks as you move away! The ogre closely misses you.
The centaur shoots an arrow.
The arrow misses you.
The centaur shoots an arrow.
The arrow hits you!
As you read the scroll labelled LURRYA SOXIZXE, it crumbles to dust.
It is a scroll of identify.
a - a potion of haste The centaur shoots an arrow.
The arrow hits you!
* * * LOW HITPOINT WARNING * * *
You feel yourself speed up.
The centaur shoots an arrow.
The arrow barely misses you.
The ogre hits you with a +0 giant club!!
You die...

##..#####
## #..c#
##..##
##..##
#...# .
##..## .
#...#
#O.##
#@## ###


You could see an ogre and a centaur.

Vanquished Creatures
  An ogre (D:5)
  A phantom (D:5)
  2 jellies (D:5)
  Ijyb (D:4)
  3 adders
  2 worms
  3 dart slugs
  An orc (D:2)
  3 bats
  6 endoplasms
  A giant cockroach (D:2)
  3 hobgoblins (D:1)
  A quokka (D:4)
  12 ball pythons
  2 frilled lizards
  8 goblins
  9 kobolds
  4 rats
63 creatures vanquished.

Notes
Turn   | Place    | Note
-------+----------+-------------------------------------------
     0 | D:1      | swilekon the Octopode Monk began the quest for the Orb.
     0 | D:1      | Reached XP level 1. HP: 16/16 MP: 1/1
     1 | D:1      | Found a runed translucent door.
     2 | D:1      | Noticed a jelly
     8 | D:1      | Noticed a jelly
   216 | D:1      | Reached XP level 2. HP: 18/21 MP: 2/2
   265 | D:1      | You fall into a shaft and drop 1 floor!
   661 | D:1      | Found a faded altar of an unknown god.
   978 | D:1      | Reached XP level 3. HP: 26/26 MP: 3/3
  1077 | D:1      | Found Gehafretz's Book Boutique.
  1648 | D:2      | Reached skill level 4 in Short Blades
  1945 | D:2      | Found Facoj's Jewellery Shop.
  1950 | D:2      | Reached XP level 4. HP: 31/31 MP: 4/4
  2077 | D:3      | Found a shimmering altar of Xom.
  2220 | D:3      | Identified the ring of Vinoluux {rC+ Will+}
  3171 | D:4      | Found a stormy altar of Qazlal.
  3341 | D:4      | Noticed Ijyb
  3652 | D:4      | Found a broken altar of Ashenzari.
  3652 | D:4      | Found a snail-covered altar of Cheibriados.
  3875 | D:4      | Killed Ijyb
  3876 | D:4      | Reached XP level 5. HP: 6/37 MP: 5/5
  4140 | D:5      | Entered Level 5 of the Dungeon
  4153 | D:5      | Noticed an ogre
  4644 | D:5      | Noticed a phantom
  4669 | D:5      | Noticed an ogre
  4672 | D:5      | Killed a phantom
  4673 | D:5      | Reached skill level 5 in Short Blades
  4673 | D:5      | Reached XP level 6. HP: 23/43 MP: 6/6
  4841 | D:5      | Found a glowing silver altar of Zin.
  4868 | D:5      | Mangled by an ogre

Illustrated notes

Levels and vault maps discovered:
D:1:      dpeg_arrival_caged_fury, layout_loops_corners, serial_shops,
          nicolae_lakefront_shop, chequers_ecumenical_altar_lobes
D:2:      layout_loops_ring, serial_shops, shop_statue,
          kennysheep_generic_room_9
D:3:      layout_loops_corners, mainiacjoe_overflow_paths
D:4:      layout_rooms, mainiacjoe_overflow_surrounded_room,
          gammafunk_temple_overflow_elements, uniq_ijyb
D:5:      layout_cave_pods, mainiacjoe_overflow_small_starburst

Skill      XL: |  1  2  3  4  5 |
---------------+----------------+-----
Short Blades   | 4 5 |  5.4
Dodging        | 4 |  4.3
Fighting       | 4 |  4.3
Stealth        | |  2.6

Action                   |  1- 3 |  4- 6 || total
-------------------------+-------+-------++-------
Melee: Short sword       |    64 |    18 ||    82
       Constrict         |    16 |     5 ||    21
       Tentacles         |    10 |     9 ||    19
       Dagger            |       |    50 ||    50
  Use: Scroll            |       |     1 ||     1
       Potion            |       |     1 ||     1
 Stab: Sleeping          |    13 |    10 ||    23
Armor: Skin              |     1 |     2 ||     3
Dodge: Dodged            |    26 |    24 ||    50
